 Dungeon Crawl Stone Soup version 0.18.1-48-g4cf74bf (webtiles) character file.

4875 GordonOverkill the Cleaver (level 10, -3/93 HPs)
             Began as a Hill Orc Wanderer on July 3, 2016.
             Was an Elder of Okawaru.
             Killed from afar by a steam dragon (14 damage)
             ... with a ball of steam
             ... on level 8 of the Dungeon.
             The game lasted 00:40:35 (12189 turns).

GordonOverkill the Cleaver (Hill Orc Wanderer)     Turns: 12189, Time: 00:40:35

Health: -3/93      AC: 21    Str: 18    XL:     10   Next: 50%
Magic:  10/10      EV:  6    Int: 14    God:    Okawaru [****..]
Gold:   497        SH:  4    Dex:  9    Spells: 0 memorised, 9 levels left

rFire  . . .     SeeInvis .     d - +0 war axe
rCold  + . .     Gourm    .     B - +0 plate armour
rNeg   . . .     Faith    .     s - +0 buckler
rPois  .         Spirit   .     w - +0 helmet
rElec  .         Dismiss  .     v - +0 cloak
rCorr  .         Reflect  .     m - +0 pair of gloves
SustAt .         Harm     .     p - +2 pair of boots {Stlth+}
MR     +....                    (no amulet)
Stlth  ..........               c - ring of protection from magic
                                a - ring of protection from cold

@: somewhat resistant to hostile enchantments, extremely unstealthy
A: iridescent scales 1
a: Heroism, Renounce Religion


You were on level 8 of the Dungeon.
You worshipped Okawaru.
Okawaru was greatly pleased with you.
You were not hungry.

You visited 3 branches of the dungeon, and saw 10 of its levels.
You visited the Abyss 1 time.

You collected 497 gold pieces.

Inventory:

Hand Weapons
 d - a +0 war axe (weapon)
 l - a +1 hand axe
Missiles
 b - 2 throwing nets (quivered)
Armour
 m - a +0 pair of gloves (worn)
 p - a +2 pair of boots of stealth (worn)
 s - a +0 buckler (worn)
 v - a +0 cloak (worn)
 w - a +0 helmet (worn)
 B - a +0 plate armour (worn)
Jewellery
 a - a ring of protection from cold (left hand)
 c - a ring of protection from magic (right hand)
 y - an uncursed ring of flight
Wands
 k - a wand of heal wounds (2/9)
 u - a wand of slowing (9/48)
 A - a wand of polymorph (4/24)
 H - a wand of polymorph (5/24)
Scrolls
 n - a scroll of teleportation
 q - a scroll of random uselessness
 C - 2 scrolls of enchant weapon
 E - 2 scrolls of holy word
 I - 2 scrolls of identify
Potions
 i - 2 potions of brilliance
 r - a potion of ambrosia
 t - 2 potions of cure mutation
 z - a potion of magic
Comestibles
 f - 8 bread rations
 g - 2 slices of pizza
 h - 3 fruits
 j - 3 meat rations
 o - 2 beef jerkies
 x - a royal jelly


   Skills:
 - Level 10.2 Fighting
 + Level 14.3 Axes
   Level 1.7 Crossbows
 - Level 2.0 Armour
 - Level 4.0 Dodging
 - Level 1.0 Stealth
 + Level 3.4 Shields


You had 9 spell levels left.
You didn't know any spells.

Dungeon Overview and Level Annotations

Branches:
Dungeon (8/15)             Temple (1/1) D:4            Lair (1/8) D:8

Altars:
Ashenzari
Cheibriados
Dithmenos
Elyvilon
Fedhas
Gozag
Kikubaaqudgha
Makhleb
Nemelex Xobeh
Okawaru
Pakellas
Qazlal
Ru
Sif Muna
Trog
Vehumet
Xom
Yredelemnul
Zin
The Shining One

Annotations:
D:3 lepiPlod666's ghost, amateur DgWz
D:4 exclusion: oklob plant


Innate Abilities, Weirdness & Mutations

You are partially covered in iridescent scales (AC +4).


Message History

The steam dragon breathes steam at you. The ball of steam hits you!
* * * LOW HITPOINT WARNING * * *
You are too injured to fight recklessly!
You are too injured to fight recklessly!
You are too injured to fight recklessly!
You are engulfed in a cloud of scalding steam.
You block the steam dragon's attack.
The steam dragon claws you but does no damage.
You barely miss the steam dragon. The steam dragon breathes steam at you.
The ball of steam hits you!
* * * LOW HITPOINT WARNING * * *
The steam dragon breathes steam at you. You block the ball of steam.
Things that are here:
10 arrows; an uncursed shortbow; a centaur corpse The steam dragon breathes steam at you.
The ball of steam hits you!
You die...

.[..###...#...###.##.####....# #.
........§§.(......##.####.#### #.
#.#####.#§#.(.............######.
...####.#§§...##..###............
.D........§...##..###............
...####.##..#(##...##.......##.##
...####.##..#D##...##.########.##
...........>..§§................#
.........##.#.##@..##.########.##
.≈≈................##.##<#####.#
≈§§§......................<....#
†.≈≈..#..##.#.##...##.##.####..#
>≈§≈.##..##.#.##...##.##.# #..#
.≈§§.##..##.#............# #..#
§§§§......#.#.##...##.##.# #..#
≈§§..##..##........##.##.# #..#
.....#........##...#####.####..##


There were no monsters in sight!

Vanquished Creatures
  Erolcha (D:8)
  A moth of wrath (D:7)
  A two-headed ogre (D:8)
  Sigmund (D:5)
  2 wyverns (D:8)
  A hippogriff (D:7)
  2 hell hounds (D:8)
  2 water moccasins (D:8)
  A sky beast (D:6)
  2 orc warriors (D:8)
  2 black bears
  2 phantoms
  2 ogres
  5 centaurs
  A big kobold (D:7)
  2 giant frogs
  2 scorpions
  3 howler monkeys
  2 vampire bats (D:7)
  A centaur zombie (D:3)
  3 crimson imps
  A giant frog skeleton (D:6)
  5 hounds
  3 orc priests
  2 orc wizards
  2 giant frog zombies (D:8)
  2 iguanas
  6 worker ants
  5 adders
  2 shadow imps
  4 oozes
  An adder zombie (D:8)
  3 worms
  5 dart slugs
  6 giant geckos
  24 orcs
  2 ball pythons
  A bat skeleton (D:7)
  4 bat zombies
  6 giant cockroaches
  13 goblins
  9 hobgoblins
  11 jackals
  7 kobolds
  2 quokkas
  A ball python zombie (D:6)
  8 bats
  A giant gecko skeleton (D:5)
  9 giant newts
  9 rats
  5 fungi (D:4)
  A plant (D:4)
199 creatures vanquished.

Notes
Turn   | Place    | Note
--------------------------------------------------------------
     0 | D:1      | GordonOverkill the Hill Orc Wanderer began the quest for the Orb.
     0 | D:1      | GordonOverkill set off with: a +0 leather armour, 3 throwing nets, a +0 mace, a potion of curing, a bread ration
     0 | D:1      | Reached XP level 1. HP: 16/16 MP: 1/1
   270 | D:1      | Reached XP level 2. HP: 11/24 MP: 2/2
   756 | D:1      | Reached XP level 3. HP: 29/29 MP: 3/3
   878 | D:1      | Reached skill level 1 in Axes
  1462 | D:2      | Found a sparkling altar of Nemelex Xobeh.
  1469 | D:2      | Found a shattered altar of Ashenzari.
  1469 | D:2      | Found a shadowy altar of Dithmenos.
  1612 | D:2      | Reached XP level 4. HP: 30/37 MP: 4/4
  1920 | D:2      | Found a white marble altar of Elyvilon.
  1921 | D:2      | Found a burning altar of Makhleb.
  2174 | D:2      | Reached skill level 2 in Axes
  2174 | D:2      | Reached XP level 5. HP: 14/45 MP: 5/5
  2427 | D:3      | Noticed lepiPlod666's ghost (amateur DgWz)
  2658 | D:2      | Reached skill level 3 in Axes
  3493 | D:3      | Reached skill level 4 in Axes
  3634 | D:4      | Found a blossoming altar of Fedhas.
  3713 | D:4      | Noticed an oklob plant
  3981 | D:4      | You fall through a shaft!
  3981 | D:5      | Entered Level 5 of the Dungeon
  3981 | D:5      | Noticed an ogre
  3984 | D:5      | Noticed a phantom
  4006 | D:5      | Reached skill level 5 in Axes
  4006 | D:5      | Reached XP level 6. HP: 34/51 MP: 6/6
  4510 | D:4      | Found a staircase to the Ecumenical Temple.
  4522 | Temple   | Entered the Ecumenical Temple
  4562 | Temple   | Became a worshipper of Warmaster Okawaru
  4698 | D:4      | Reached skill level 6 in Axes
  4704 | D:4      | Found a radiant altar of Vehumet.
  4929 | D:5      | HP: 1/51 [phantom (2)]
  5221 | D:5      | Noticed Sigmund
  5298 | D:4      | Reached skill level 7 in Axes
  5298 | D:4      | Reached XP level 7. HP: 23/57 MP: 7/7
  5558 | D:5      | Found a snail-covered altar of Cheibriados.
  5965 | D:4      | Reached skill level 8 in Axes
  6186 | D:5      | Found a sacrificial altar of Ru.
  6723 | D:5      | Killed Sigmund
  6723 | D:5      | Reached skill level 9 in Axes
  6899 | D:5      | Reached XP level 8. HP: 14/63 MP: 8/8
  7171 | D:6      | Reached skill level 10 in Axes
  7176 | D:6      | Gained mutation: You are partially covered in iridescent scales (AC +4). [potion of beneficial mutation]
  7483 | D:6      | Reached * piety under Okawaru
  7604 | D:6      | Reached skill level 5 in Fighting
  7604 | D:6      | Reached skill level 11 in Axes
  8086 | D:7      | Reached ** piety under Okawaru
  8086 | D:7      | Reached XP level 9. HP: 77/78 MP: 9/9
  8167 | D:7      | Found a shimmering altar of Xom.
  8268 | D:7      | Found a shimmering altar of Xom.
  8269 | D:7      | Found a shimmering altar of Xom.
  8269 | D:7      | Found a shimmering altar of Xom.
  8270 | D:7      | Found a shimmering altar of Xom.
  8366 | D:7      | Found an ancient bone altar of Kikubaaqudgha.
  8604 | D:8      | Reached skill level 12 in Axes
  8675 | D:8      | Noticed a tengu warrior
  9594 | D:8      | Noticed a two-headed ogre
  9927 | D:8      | HP: 4/82 [hell hound (3)]
 10214 | D:7      | Noticed a moth of wrath
 10214 | D:7      | a tengu warrior changed into a moth of wrath
 10225 | D:7      | Killed a moth of wrath
 10225 | D:7      | Reached *** piety under Okawaru
 10225 | D:7      | Reached skill level 13 in Axes
 10320 | D:8      | Killed a two-headed ogre
 10320 | D:8      | Reached XP level 10. HP: 90/91 MP: 10/10
 10354 | D:8      | Found a staircase to the Lair.
 10378 | D:8      | Noticed Erolcha
 10400 | D:8      | Cast into level 2 of the Abyss (Erolcha)
 10426 | D:8      | Escaped the Abyss
 10434 | D:8      | Killed Erolcha
 10434 | D:8      | Reached **** piety under Okawaru
 10434 | D:8      | Reached skill level 10 in Fighting
 10434 | D:8      | Reached skill level 14 in Axes
 10847 | D:8      | Found a bloodstained altar of Trog.
 11984 | Lair:1   | Entered Level 1 of the Lair of Beasts
 12189 | D:8      | Killed from afar by a steam dragon

Skill      XL: |  1  2  3  4  5  6  7  8  9 10 |
---------------+-------------------------------+-----
Fighting       | 2 3 6 9 10 | 10.2
Armour         | 2 |  2.0
Axes           | 1 2 5 7 9 11 13 14 | 14.3
Dodging        | 4 |  4.0
Shields        | 3 |  3.4
Crossbows      | |  1.7
Stealth        | |  1.0

Action                   |  1- 3 |  4- 6 |  7- 9 | 10-12 || total
-------------------------+-------+-------+-------+-------++-------
Melee: Mace              |    64 |       |       |       ||    64
       Hand axe          |    81 |   363 |   115 |       ||   559
       War axe           |       |       |   448 |    99 ||   547
Throw: Throwing net      |       |       |     2 |       ||     2
Evoke: Wand              |       |       |     2 |       ||     2
  Use: Scroll            |     4 |     6 |    14 |       ||    24
       Potion            |       |     3 |     8 |     3 ||    14
 Stab: Sleeping          |     2 |       |       |       ||     2
       Held in net/web   |       |       |     1 |       ||     1
  Eat: Chunk             |     2 |    12 |    10 |       ||    24
       Meat ration       |       |       |     2 |     1 ||     3
Armor: Leather armour    |    45 |       |       |       ||    45
       Ring mail         |    26 |    97 |       |       ||   123
       Chain mail        |       |    37 |    44 |       ||    81
       Plate armour      |       |       |   381 |    65 ||   446
Dodge: Dodged            |   141 |   167 |   163 |    24 ||   495
Block: Buckler           |       |       |       |     6 ||     6
